 Dungeon Crawl Stone Soup version 0.30-a0-304-gdc4b735fe1 (webtiles) character file.

Game seed: 2834412710094956413

242 IdlyInterested the Trooper (level 5, -2/43 HPs)
             Began as a Demonspawn Wanderer on Oct 20, 2022.
             Killed by nerve-wracking pain
             ... invoked by an orc priest
              (13 damage)
             ... on level 4 of the Dungeon.
             The game lasted 00:09:25 (3368 turns).

IdlyInterested the Trooper (Demonspawn Wanderer)    Turns: 3368, Time: 00:09:26

Health: -2/43      AC: 14    Str: 15    XL:     5   Next: 82%
Magic:  8/8        EV: 10    Int: 13    God:
Gold:   48         SH:  5    Dex: 12    Spells: 7/8 levels left

rFire   + . .      SeeInvis .    f - +1 hand axe
rCold   . . .      Faith    .    d - +1 buckler {AC+3}
rNeg    . . .      Spirit   .    u - +1 chain mail of Wuowem {Harm rPois rF+ rCorr}
rPois   +          Reflect  .    (no helmet)
rElec   .          Harm     +    (no cloak)
rCorr   +          Rampage  .    (no gloves)
Will    .....                    (no boots)
Stlth   ..........               (no amulet)
HPRegen 0.27/turn                h - +4 ring of evasion
MPRegen 0.11/turn                q - ring of flight

@: flying
A: slimy green scales 1, demonic touch 1
a: no special abilities


You were on level 4 of the Dungeon.
You visited 1 branch of the dungeon, and saw 4 of its levels.

You collected 261 gold pieces.
You spent 213 gold pieces at shops.

Inventory:

Hand Weapons
 f - a +1 hand axe (weapon)
 m - a +0 mace
 t - a +0 trident
Missiles
 a - 3 boomerangs
 v - 2 poisoned darts
Armour
 b - a +0 ring mail
 d - a +1 buckler of protection (worn)
 u - the +1 chain mail of Wuowem (worn) {Harm rPois rF+ rCorr}
   (You found it on level 3 of the Dungeon)

   rF:        It protects you from fire.
   rPois:     It protects you from poison.
   rCorr:     It protects you from acid and corrosion.
   Harm:      It increases damage dealt and taken.
Jewellery
 e - a ring of ice
 h - a +4 ring of evasion (left hand)
 q - a ring of flight (right hand)
Wands
 r - a wand of paralysis (13)
Scrolls
 l - a scroll of enchant weapon
 s - a scroll of enchant armour
Potions
 c - a potion of invisibility
 g - a potion of resistance
 i - a potion of brilliance
 j - a potion of cancellation
 k - 2 potions of heal wounds
 n - 2 potions of curing
 o - a potion of attraction
 p - 2 potions of haste {unknown}


   Skills:
 * Level 4.9 Fighting
 - Level 2.0 Armour
 - Level 2.0 Dodging
 - Level 2.0 Stealth
 - Level 2.6 Shields
 - Level 2.0 Spellcasting
 - Level 1.0 Fire Magic


You had 7 spell levels left.
You knew the following spells:

 Your Spells              Type           Power      Damage    Failure   Level
a - Foxfire               Conj/Fire      8%         2x1d4     99%         1

Your spell library contained the following spells:

 Spells                   Type           Power      Damage    Failure   Level
 Sublimation of Blood     Necr           1%         N/A       100%        2
 Ignite Poison            Fire/Tmut/Pois 2%         N/A       100%        3
 Ozocubu's Armour         Ice            1%         N/A       100%        3
 Petrify                  Tmut/Erth      1%         N/A       100%        4
 Irradiate                Conj/Tmut      0%         3d11      100%        5
 Metabolic Englaciation   Hex/Ice        0%         N/A       100%        5
 Simulacrum               Ice/Necr       0%         N/A       100%        6


Dungeon Overview and Level Annotations

Branches:
Dungeon (4/15)
 Temple: D:4-7

Altars:

Shops:
D:2 ([?*   D:4 :


Innate Abilities, Weirdness & Mutations

You are partially covered in slimy green scales. (AC +2)
Your touch may inflict minor irresistible damage on your foes.


Message History

You barely miss the orc priest. The orc priest hits you with a +0 club.
You closely miss the orc priest. The orc priest hits you with a +0 club.
You barely miss the orc priest. The orc priest closely misses you.
You hit the orc priest.
The orc priest is moderately wounded.
You block the orc priest's attack. The orc priest completely misses you.
You barely miss the orc priest.
The orc priest is moderately wounded.
The orc priest miscasts a cantrip. x2
You barely miss the orc priest.
The orc priest is moderately wounded.
The orc priest begins to cast a cantrip, but forgets the words!
The orc priest hits you but does no damage.
The orc priest casts a cantrip, but nothing happens.
You hit the orc priest.
The orc priest is heavily wounded.
The orc priest calls down the wrath of Beogh upon you.
Beogh smites you!
* * * LOW HITPOINT WARNING * * *
The orc priest barely misses you.
You closely miss the orc priest.
The orc priest is heavily wounded.
The orc priest hits you but does no damage.
You hit the orc priest.
The orc priest is heavily wounded.
The orc priest barely misses you.
The orc priest hits you but does no damage.
You barely miss the orc priest.
The orc priest is heavily wounded.
The orc priest closely misses you.
You hit the orc priest.
You kill the orc priest!
Training target 2.0 for Stealth reached!
Your Stealth skill increases to level 2!
You closely miss the orc priest.
The orc priest hits you but does no damage. x2
You barely miss the orc priest.
The orc priest invokes the aid of Beogh against you.
Pain shoots through your body!
You die...

## #. #. ##### ###
#. ####...... ..#
#. #.@oo# #.# #.
#.######### #.# #.
#.##......# #.####.
#.##.####.###......
#.##.# #..........
###.##.#
###########
#...##.# #
#.####.###### # #.#
#......# #


You could see an orc priest and an orc.

Vanquished Creatures
  A bullfrog (D:4)
  An orc priest (D:4)
  2 hounds (D:4)
  5 adders
  A worm (D:3)
  2 dart slugs
  2 orcs
  4 endoplasms
  A giant cockroach (D:4)
  5 goblins
  A hobgoblin (D:2)
  5 jackals
  7 kobolds
  A quokka (D:3)
  3 ball pythons (D:1)
  3 frilled lizards
  3 rats
47 creatures vanquished.

Vanquished Creatures (others)
  A fungus (D:1)
  A plant (D:1)
2 creatures vanquished.

Grand Total: 49 creatures vanquished

Notes
Turn   | Place    | Note
-------+----------+-------------------------------------------
     0 | D:1      | IdlyInterested the Demonspawn Wanderer began the quest for
                  | the Orb.
     0 | D:1      | IdlyInterested set off with the following items: a +0 club,
                  | a +0 ring mail, a potion of invisibility, a +0 buckler of
                  | protection; and the following spell memorised: Foxfire; and
                  | the following spells available to memorise: Ignite Poison.
     0 | D:1      | Reached XP level 1. HP: 15/15 MP: 3/3
   134 | D:1      | Found a faded altar of an unknown god.
   143 | D:1      | Gained mutation: You are partially covered in slimy green
                  | scales. (AC +2) [demonic ancestry]
   143 | D:1      | Reached XP level 2. HP: 22/22 MP: 5/5
   248 | D:1      | Reached skill level 2 in Fighting
  1008 | D:2      | Reached XP level 3. HP: 28/28 MP: 6/6
  1009 | D:2      | Found Taeq's Armour Boutique.
  1101 | D:2      | Found Yclon's Assorted Antiques.
  1335 | D:2      | Found Caogur's Magic Scroll Shop.
  1445 | D:2      | Found Zydi's Weapon Shop.
  1521 | D:2      | Bought a scroll labelled KONKYKHL IHUYNAI for 24 gold
                  | pieces
  1521 | D:2      | Bought a jewelled silver wand for 96 gold pieces
  1521 | D:2      | Bought a ruby potion for 21 gold pieces
  1521 | D:2      | Bought a scroll labelled SEEN LUNONESAU for 24 gold pieces
  1576 | D:2      | Bought a scroll of identify for 24 gold pieces
  1807 | D:3      | Reached skill level 1 in Dodging
  2067 | D:3      | Reached skill level 3 in Fighting
  2515 | D:3      | Identified the +1 chain mail of Wuowem {Harm rPois rF+
                  | rCorr}
  2781 | D:2      | Bought a scroll of identify for 24 gold pieces
  2982 | D:4      | Found Fetul's Book Shoppe.
  2987 | D:4      | Reached XP level 4. HP: 34/35 MP: 7/7
  3127 | D:4      | Reached skill level 4 in Fighting
  3142 | D:4      | Gained mutation: Your touch may inflict minor irresistible
                  | damage on your foes. [demonic ancestry]
  3142 | D:4      | Reached XP level 5. HP: 30/42 MP: 8/8
  3368 | D:4      | Killed from afar by an orc priest

Illustrated notes

Levels and vault maps discovered:
D:1:      lemuel_arrival_behind_the_door_small, layout_basic,
          shapermc_ecumenical_altar_mp_urbaneastern
D:2:      layout_basic, serial_shops, nicolae_shop_window_shopping,
          nicolae_shop_hallway_plus, nicolae_shop_advertising_works
          [nicolae_subvault_shop_adworks], shop_coins, nrook_campfire,
          minmay_misc_feat_nine_boxes
D:3:      layout_loops_ring, overflow_temple_1_default, serial_co_window_serial,
          co_window_of_opportunity_a, co_window_corner_a, co_window_cross_1,
          co_window_corner_a, co_window_of_opportunity_a, co_window_broadway_a,
          co_window_of_opportunity_b, co_window_paths_c, co_window_broadway_b,
          co_window_broadway_c, co_window_unsneaky_path_b,
          co_window_of_opportunity_b, glass_columns_b, glass_columns_c,
          glass_columns_a
D:4:      layout_loops_ring, serial_shops, nicolae_stop_n_shop_2

Skill      XL: |  1  2  3  4  5 |
---------------+----------------+-----
Armour         | 2 |  2.0
Fighting       | 2 3 4 |  4.9
Dodging        | 1 2 |  2.0
Stealth        | 2 |  2.0
Shields        | |  2.6
Spellcasting   | |  2.0
Fire Magic     | |  1.0

Action                   |  1- 3 |  4- 6 || total
-------------------------+-------+-------++-------
Melee: Club              |    12 |       ||    12
       Hand axe          |   109 |    86 ||   195
  Use: Scroll            |    12 |       ||    12
       Potion            |     1 |       ||     1
Armor: Ring mail         |    49 |       ||    49
       Chain mail        |     4 |    44 ||    48
Dodge: Dodged            |    68 |    48 ||   116
Block: Buckler           |    23 |    24 ||    47

Table legend: (Time is in decaauts)
 A = Elapsed time spent in this place.
 B = Non-inter-level travel time spent in this place.
 C = Inter-level travel time spent in this place.
 D = Time resting spent in this place.
 E = Time spent auto-exploring this place.
 F = Levels seen in this place.
 G = Mean time per level.
                   A        B        C        D        E       F      G
               +--------+--------+--------+--------+--------+-----+--------+
         Total |   3439 |   2678 |    761 |     15 |   1960 |   4 |  859.8 |
       Dungeon |   3439 |   2678 |    761 |     15 |   1960 |   4 |  859.8 |
               +--------+--------+--------+--------+--------+-----+--------+

Top non-repeatable levels by time:
     D:3: 1259 daAuts
     D:2: 997 daAuts
     D:1: 846 daAuts
     D:4: 335 daAuts
